 Dungeon Crawl Stone Soup version 0.23.2-40-g277498a001 (webtiles) character file.

Game seed: 5246782523447154143

69166 Marnok the Peltast (level 14, -11/129 HPs)
             Began as a Minotaur Fighter on Oct 11, 2019.
             Was the Champion of Wu Jian.
             Mangled by a manticore (13 damage)
             ... summoned by Kirke
             ... on level 6 of the Lair of Beasts.
             The game lasted 01:10:44 (17166 turns).

Marnok the Peltast (Minotaur Fighter)              Turns: 17166, Time: 01:10:46

Health: -11/129    AC:  0    Str: 26    XL:     14   Next: 89%
Magic:  13/13      EV: 17    Int:  5    God:    Wu Jian [******]
Gold:   753        SH:  0    Dex: 10    Spells: 13/13 levels left

rFire    . . .     SeeInvis .   (weapon currently unavailable)
rCold    . . .     Gourm    .   (shield currently unavailable)
rNeg     . . .     Faith    .   (armour currently unavailable)
rPois    .         Spirit   .   (helmet currently unavailable)
rElec    .         Reflect  .   (cloak currently unavailable)
rCorr    .         Harm     .   (gloves currently unavailable)
MR       +....                  (boots currently unavailable)
Stlth    ++........             (no amulet)
HPRegen  0.31/turn              (ring currently unavailable)
MPRegen  0.13/turn              (ring currently unavailable)

@: about to teleport, pig-form (expiring), slowed
A: small, (retaliatory headbutt)
a: Wall Jump, Serpent's Lash, Heavenly Storm, Renounce Religion


You were on level 6 of the Lair of Beasts.
You worshipped Wu Jian.
Wu Jian was exalted by your worship.
You were not hungry.
You were a filthy swine.
You visited 2 branches of the dungeon, and saw 20 of its levels.
You also visited: Volcano.

You collected 1080 gold pieces.
You spent 327 gold pieces at shops.

Inventory:

Hand Weapons
 i - a +2 short sword of speed (melded)
 l - a +0 dagger of holy wrath
 P - a +0 whip of venom
Armour
 c - a +5 shield (melded)
 n - a +1 pair of boots
 r - a +0 cloak (melded)
 D - the cursed +0 shield of Funuag {rCorr Int+2 Dex+2}
   (You found it on level 15 of the Dungeon)

   It affects your intelligence (+2).
   It affects your dexterity (+2).
   It provides partial protection from all sources of acid and corrosion.
   It has a curse placed upon it.
 K - a +2 leather armour of poison resistance
 N - the +0 chain mail of Claustrophobia (melded) {-Cast Str+7 Dex+2 Slay+3}
   (You found it on level 10 of the Dungeon)

   It affects your strength (+7).
   It affects your dexterity (+2).
   It affects your accuracy and damage with ranged weapons and melee attacks
   (+3).
   It prevents spellcasting.
 V - the +0 pair of boots of Baldness (melded) {Slay+2}
   (You found it in a volcano)

   It affects your accuracy and damage with ranged weapons and melee attacks
   (+2).
 Y - a +2 scale mail of fire resistance
Jewellery
 d - a +5 ring of slaying (melded)
 u - an uncursed ring of stealth
 G - a ring of protection from magic (melded)
 H - a +3 ring of strength
 L - an uncursed ring of stealth
 O - an uncursed ring of protection from fire
Wands
 e - a wand of digging (5)
 v - a wand of polymorph (20)
 w - a wand of paralysis (7)
 x - a wand of flame (40)
 y - a wand of acid (5)
 E - a wand of scattershot (2)
 J - a wand of random effects (18)
 M - a wand of iceblast (11)
Scrolls
 a - a scroll of holy word {unknown}
 g - 5 scrolls of identify
 j - 2 scrolls of teleportation
 o - 3 scrolls of amnesia
 p - 6 scrolls of remove curse
 t - 2 scrolls of fear
 A - a scroll of enchant armour
 C - a scroll of blinking
 F - a scroll of noise
Potions
 k - 6 potions of curing
 m - 6 potions of haste
 q - 2 potions of mutation
 z - 2 potions of agility
 B - 2 potions of brilliance
 I - 2 potions of flight
 X - a potion of berserk rage
Comestibles
 b - 3 chunks of flesh
 f - 30 rations


   Skills:
 + Level 13.3 Fighting
 + Level 14.5(14.8) Short Blades
   Level 6.2(12.0) Long Blades
 + Level 1.3 Throwing
 + Level 13.3 Armour
 + Level 7.1 Dodging
 + Level 3.2 Stealth
 + Level 16.6 Shields


You had 13 spell levels left.
You didn't know any spells.
Your spell library contained the following spells:

 Spells                   Type           Power        Failure   Level  Hunger
 Animate Skeleton         Necr           N/A          47%         1    ##.....
 Apportation              Tloc           #.....       47%         1    ##.....
 Confusing Touch          Hex            #.....       47%         1    ##.....
 Flame Tongue             Conj/Fire      #....        47%         1    ##.....
 Summon Small Mammal      Summ           #...         47%         1    ##.....
 Throw Flame              Conj/Fire      #.....       63%         2    ###....
 Conjure Flame            Conj/Fire      #.......     85%         3    ####...
 Inner Flame              Hex/Fire       #.......     85%         3    ####...
 Cause Fear               Hex            #.........   99%         4    #####..
 Sticky Flame             Conj/Fire      #.......     99%         4    #####..
 Fireball                 Conj/Fire      #.........   100%        5    ######.
 Irradiate                Conj/Tmut      #.........   100%        5    ######.
 Silence                  Hex/Air        #.........   100%        5    ######.
 Yara's Violent Unravell  Hex/Tmut       #.........   100%        5    ######.
 Deflect Missiles         Chrm/Air       #.........   100%        6    #######
 Hydra Form               Tmut           #.........   100%        6    #######
 Statue Form              Tmut/Erth      #........    100%        6    #######
 Dragon Form              Tmut           #.........   100%        7    #######
 Discord                  Hex            #.........   100%        8    #######


Dungeon Overview and Level Annotations

Branches:
Dungeon (15/15)            Temple (0/1) D:5            Lair (4/6) D:9
    Orc (0/2) D:12         Depths (0/5) D:15
  Swamp: Lair:2-4    Shoals: Lair:2-4     Snake: Lair:2-4    Spider: Lair:2-4
 Vaults: D:13-14

Altars:
Cheibriados
Kikubaaqudgha
Nemelex Xobeh
Okawaru
Qazlal
Ru
Wu Jian
Yredelemnul
Zin
The Shining One
Beogh

Shops:
D:4 ?   D:11 !:[(=

Annotations:
D:5 2 transporters
D:6 Prince Ribbit
Lair:6 2 runed translucent doors, Kirke


Innate Abilities, Weirdness & Mutations

((You reflexively headbutt those who attack you in melee.))
((You have a pair of horns on your head.))
((You have a beak for a mouth.))
((You are partially covered in icy blue scales. (AC +2)))


Message History

You hear some strange, mumbled words.
You feel a momentary urge to oink. The manticore bites you!!
* * * LOW HITPOINT WARNING * * *
The manticore closely misses you. x2
As you read the scroll of teleportation, it crumbles to dust.
You feel strangely unstable. Something hits you!
* * * LOW HITPOINT WARNING * * *
The manticore barely misses you. The manticore claws you.
* * * LOW HITPOINT WARNING * * *
The manticore claws you.
* * * LOW HITPOINT WARNING * * *
You hear some strange, mumbled words.
Something tries to affect you, but you resist.
You feel better. The manticore closely misses you. x2
The manticore claws you!
* * * LOW HITPOINT WARNING * * *
Something hits you.
* * * LOW HITPOINT WARNING * * *
The manticore bites you!
You die...

### ### #######.#####
######.#
##.P.....#..P###.......
#...H.{................
##.P###.#...#.........#
#H## ###..###..##...##
#.# #.#.....##...## #!#
####.#.##..#.#....
##.###h....#...........
#...##.H....#P..†......
##...#..######.........
##.#.##.# #..P......
#...###### ##....#..#..
#...###..##.##....##...
##.................##.#
#....@.................
##.........P............


You could see a manticore.

Vanquished Creatures
  A sphinx (D:14)
  A war gargoyle (D:14)
  An ettin (D:14)
  A yaktaur captain (D:14)
  7 hydras
  A catoblepas (D:13)
  11 two-headed ogres
  3 centaur warriors
  A fire crab (Lair:6)
  4 unseen horrors
  2 lindwurms
  A wizard (D:15)
  An orc knight (D:15)
  A deep elf mage (D:12)
  3 cyclopes
  9 ugly things
  5 elephants (Lair:2)
  2 molten gargoyles (Lair:6)
  3 gargoyles
  4 black mambas (Lair:6)
  5 spiny frogs
  6 komodo dragons
  2 rime drakes
  A kobold demonologist (D:13)
  A merfolk (D:12)
  A queen bee (shapeshifter) (D:15)
  3 tengu conjurers
  2 hornets
  A polar bear (Lair:3)
  A polar bear (shapeshifter) (D:15)
  3 trolls
  10 hippogriffs
  11 dream sheep
  10 blink frogs
  12 slime creatures
  4 wyverns
  3 shadows
  2 wraiths
  A spriggan (D:12)
  2 hungry ghosts
  A golden eye (shapeshifter) (D:15)
  4 hogs (Lair:6)
  A human (D:12)
  43 yaks
  3 steam dragons (Lair:6)
  4 basilisks
  2 fire bats (Volcano)
  4 vampire mosquitoes (D:14)
  Edmund (D:5)
  An acid dragon (D:12)
  6 hell hounds
  9 water moccasins
  5 porcupines
  5 ice beasts
  8 orc warriors
  3 sky beasts
  A black bear (D:9)
  An eye of draining (D:14)
  5 phantoms
  A necrophage (D:11)
  9 ogres
  6 wolves (Lair:6)
  12 centaurs
  8 crocodiles
  A big kobold (D:7)
  23 bullfrogs
  9 scorpions
  3 killer bees (D:12)
  4 electric eels
  4 wights (D:12)
  2 centaur zombies
  5 crimson imps
  5 lava snakes (Lair:6)
  3 quasits
  5 hounds
  4 jellies
  4 centaur skeletons
  14 orc wizards
  9 orc priests
  8 iguanas
  10 worker ants
  A hound zombie (D:6)
  A hound skeleton (D:7)
  A worker ant zombie (D:7)
  8 adders
  6 gnolls
  3 shadow imps
  2 oozes
  2 worms
  7 leopard geckos
  83 orcs
  2 ball pythons
  15 bats
  5 giant cockroaches
  8 hobgoblins
  15 jackals
  6 quokkas
  A ball python skeleton (D:6)
  5 frilled lizards
  5 goblins
  A jackal skeleton (D:4)
  17 kobolds
  A leopard gecko skeleton (D:7)
  7 rats
  A butterfly (Lair:1)
  2 fungi (D:7)
604 creatures vanquished.

Vanquished Creatures (others)
  A basilisk (Lair:6)
  5 fungi
  2 plants (D:9)
8 creatures vanquished.

Grand Total: 612 creatures vanquished

Notes
Turn   | Place    | Note
-------+----------+-------------------------------------------
     0 | D:1      | Marnok the Minotaur Fighter began the quest for the Orb.
     0 | D:1      | Reached XP level 1. HP: 19/19 MP: 0/0
   121 | D:2      | Found a snail-covered altar of Cheibriados.
   121 | D:2      | Found an iron altar of Okawaru.
   139 | D:1      | Reached XP level 2. HP: 27/27 MP: 1/1
   297 | D:1      | Found a glowing golden altar of the Shining One.
   693 | D:2      | Reached XP level 3. HP: 32/33 MP: 2/2
   752 | D:2      | Reached skill level 4 in Shields
  1008 | D:2      | Found a basalt altar of Yredelemnul.
  1266 | D:4      | Noticed a phantom
  1266 | D:4      | Noticed a scorpion
  1280 | D:4      | Killed a scorpion
  1280 | D:4      | Reached XP level 4. HP: 29/41 MP: 3/3
  1285 | D:3      | Found a sacrificial altar of Ru.
  1735 | D:3      | Noticed an ogre
  1739 | D:3      | Reached XP level 5. HP: 43/47 MP: 4/4
  1753 | D:3      | Gained mutation: You are weak. (Str -2) [potion of
                  | mutation]
  1753 | D:3      | Gained mutation: You have sharp toenails. [potion of
                  | mutation]
  1753 | D:3      | Gained mutation: You passively map a small area around you.
                  | [potion of mutation]
  1759 | D:3      | Reached skill level 5 in Armour
  1765 | D:3      | Killed an ogre
  1765 | D:3      | Reached skill level 1 in Dodging
  1952 | D:5      | Entered Level 5 of the Dungeon
  2053 | D:4      | Found Yfaliu's Magic Scroll Shoppe.
  2104 | D:4      | Bought a scroll of identify for 22 gold pieces
  2104 | D:4      | Bought a scroll of teleportation for 33 gold pieces
  2104 | D:4      | Bought a scroll of identify for 22 gold pieces
  2104 | D:4      | Bought a scroll of identify for 22 gold pieces
  2192 | D:4      | Killed a phantom
  2192 | D:4      | Reached XP level 6. HP: 35/53 MP: 5/5
  2394 | D:4      | Reached skill level 5 in Long Blades
  2507 | D:4      | Reached skill level 5 in Shields
  2933 | D:4      | Reached XP level 7. HP: 53/60 MP: 6/6
  3435 | D:5      | Found a transporter.
  3448 | D:5      | Got a smoking robe
  3449 | D:5      | Identified the +0 robe "Udaiff" {-Cast rN++ Int+5} (You
                  | found it on level 5 of the Dungeon)
  3682 | D:5      | Noticed Edmund
  3702 | D:5      | Killed Edmund
  3702 | D:5      | Reached skill level 5 in Fighting
  3806 | D:5      | Found a transporter.
  4019 | D:6      | Noticed Prince Ribbit
  4035 | D:5      | Reached skill level 1 in Short Blades
  4035 | D:5      | Reached skill level 6 in Shields
  4035 | D:5      | Reached XP level 8. HP: 64/68 MP: 7/7
  4047 | D:5      | Found a staircase to the Ecumenical Temple.
  5192 | D:6      | Reached skill level 5 in Short Blades
  5504 | D:6      | Found an ancient bone altar of Kikubaaqudgha.
  5678 | D:6      | Reached skill level 1 in Stealth
  5911 | D:7      | Noticed a hippogriff
  5920 | D:7      | Killed a hippogriff
  5920 | D:7      | Reached skill level 7 in Shields
  5920 | D:7      | Reached XP level 9. HP: 59/75 MP: 8/8
  6120 | D:7      | Found a stormy altar of Qazlal.
  6176 | D:7      | Found a sparkling altar of Nemelex Xobeh.
  6379 | D:7      | Found an ornate altar of the Wu Jian Council.
  6384 | D:7      | Became a worshipper of the Wu Jian Council
  6589 | D:7      | Got a polished scale mail
  6590 | D:7      | Identified the +2 scale mail of Amelioration {Dex+4} (You
                  | found it on level 7 of the Dungeon)
  6861 | D:8      | Reached skill level 8 in Shields
  6949 | D:8      | Got a warped battleaxe
  6950 | D:8      | Identified the cursed +2 battleaxe of Voesysiph {drain,
                  | *Drain rN+ Int+2 Dex+4} (You found it on level 8 of the
                  | Dungeon)
  6967 | D:8      | Reached * piety under Wu Jian
  7211 | D:8      | Found a glowing silver altar of Zin.
  7212 | D:8      | Noticed an angel
  7257 | D:8      | Lost mutation: You have sharp toenails. [potion of
                  | mutation]
  7257 | D:8      | Lost mutation: You are weak. (Str -2) [potion of mutation]
  7257 | D:8      | Gained mutation: You are partially covered in icy blue
                  | scales. (AC +2) [potion of mutation]
  7257 | D:8      | Lost mutation: You passively map a small area around you.
                  | [potion of mutation]
  7257 | D:8      | Gained mutation: You have a beak for a mouth. [potion of
                  | mutation]
  7363 | D:9      | Noticed a komodo dragon
  7365 | D:9      | Found a staircase to the Lair.
  7395 | D:9      | Killed a komodo dragon
  7427 | D:9      | Reached XP level 10. HP: 86/86 MP: 9/9
  7510 | D:10     | Entered Level 10 of the Dungeon
  7937 | D:9      | Reached skill level 9 in Shields
  7949 | D:9      | Reached ** piety under Wu Jian
  8565 | D:10     | Found a roughly hewn altar of Beogh.
  8581 | D:10     | Reached skill level 10 in Short Blades
  8744 | D:10     | Got a jewelled chain mail
  8745 | D:10     | Identified the cursed +0 chain mail of Claustrophobia
                  | {-Cast Str+7 Dex+2 Slay+3} (You found it on level 10 of the
                  | Dungeon)
  8814 | D:10     | Reached XP level 11. HP: 91/95 MP: 10/10
  8819 | D:10     | Reached *** piety under Wu Jian
  8819 | D:10     | Reached skill level 10 in Shields
  9029 | D:11     | Noticed a two-headed ogre
  9036 | D:11     | Killed a two-headed ogre
  9036 | D:11     | Reached skill level 5 in Dodging
  9066 | D:11     | Killed an unseen horror
  9315 | D:11     | Found Amo Hisch's Book Shop.
  9345 | D:11     | Noticed a purple ugly thing
  9346 | D:11     | Found Tekelule's Distillery.
  9352 | D:11     | Killed a purple ugly thing
  9365 | D:11     | Bought a potion of curing for 36 gold pieces
  9365 | D:11     | Bought a potion of might for 48 gold pieces
  9365 | D:11     | Bought a potion of flight for 36 gold pieces
  9365 | D:11     | Bought a potion of curing for 36 gold pieces
  9365 | D:11     | Bought a potion of curing for 36 gold pieces
  9365 | D:11     | Bought a potion of curing for 36 gold pieces
  9437 | D:11     | Found Colal's Antique Weapon Shoppe.
  9482 | D:11     | Found Ehaohusa's Jewellery Shop.
  9485 | D:11     | Noticed a two-headed ogre
  9495 | D:11     | Killed a two-headed ogre
  9495 | D:11     | Reached skill level 11 in Shields
  9552 | D:12     | Noticed a two-headed ogre
  9612 | D:11     | Killed an unseen horror
  9762 | D:11     | Reached skill level 10 in Armour
  9843 | D:11     | Found Kangun's Antique Armour Shop.
  9891 | D:12     | Reached skill level 12 in Shields
  9909 | D:12     | Reached **** piety under Wu Jian
  9976 | D:12     | Killed a two-headed ogre
  9976 | D:12     | Reached XP level 12. HP: 95/104 MP: 11/11
 10474 | D:12     | Noticed a four-headed hydra
 10480 | D:12     | Killed a four-headed hydra
 10646 | D:12     | Reached skill level 10 in Fighting
 10729 | D:12     | Found a staircase to the Orcish Mines.
 11021 | D:13     | Reached ***** piety under Wu Jian
 11041 | D:13     | Reached skill level 13 in Shields
 11280 | D:13     | Noticed a catoblepas
 11287 | D:13     | Killed a catoblepas
 11872 | D:14     | Noticed a centaur warrior
 11877 | D:14     | Killed a centaur warrior
 11885 | D:14     | Noticed a two-headed ogre
 11890 | D:14     | Killed a two-headed ogre
 12004 | D:14     | Reached XP level 13. HP: 94/115 MP: 12/12
 12125 | D:15     | Entered Level 15 of the Dungeon
 12175 | D:14     | You fall through a shaft!
 12365 | D:14     | Noticed an ettin
 12370 | D:14     | Noticed a sphinx
 12371 | D:14     | Killed an ettin
 12371 | D:14     | Noticed a war gargoyle
 12378 | D:14     | Killed a sphinx
 12381 | D:14     | Reached skill level 14 in Shields
 12384 | D:14     | Killed a war gargoyle
 12387 | D:14     | Reached skill level 1 in Throwing
 13453 | D:15     | Reached skill level 15 in Shields
 13475 | D:15     | Got a blackened shield
 13476 | D:15     | Identified the cursed +0 shield of Funuag {rCorr Int+2
                  | Dex+2} (You found it on level 15 of the Dungeon)
 13522 | D:15     | Found a staircase to the Depths.
 13522 | D:15     | Noticed a fire giant
 14131 | Lair:1   | Entered Level 1 of the Lair of Beasts
 14835 | Lair:2   | Reached ****** piety under Wu Jian
 14835 | Lair:2   | Reached XP level 14. HP: 125/125 MP: 13/13
 15136 | Lair:3   | Found a dark tunnel.
 15143 | Volcano  | Entered a volcano
 15245 | Volcano  | Got a pair of warped boots
 15254 | Volcano  | Identified the +0 pair of boots of Baldness {Slay+2} (You
                  | found it in a volcano)
 15549 | Lair:3   | Reached skill level 16 in Shields
 15630 | Lair:3   | You fall through a shaft for 3 floors!
 15630 | Lair:6   | Entered Level 6 of the Lair of Beasts
 16188 | Lair:6   | Found a large runed translucent door.
 16194 | Lair:6   | Found a large runed translucent door.
 16409 | Lair:6   | Noticed Kirke
 17166 | Lair:6   | HP: 2/129 [something (6)]
 17166 | Lair:6   | Mangled by a manticore

Skill      XL: |  1  2  3  4  5  6  7  8  9 10 11 12 13 14 |
---------------+-------------------------------------------+-----
Armour         | 4 5 6 7 8 9 10 11 12 13 | 13.3
Fighting       | 4 5 6 7 8 9 10 11 13 | 13.3
Shields        | 4 5 6 7 8 9 12 13 15 16 | 16.6
Long Blades    | 3 4 5 6 |  6.2
Dodging        | 1 2 3 4 6 7 |  7.1
Short Blades   | 1 5 8 10 11 13 14 | 14.5
Stealth        | 1 2 3 |  3.2
Throwing       | 1 |  1.3

Action                   |  1- 3 |  4- 6 |  7- 9 | 10-12 | 13-15 || total
-------------------------+-------+-------+-------+-------+-------++-------
Melee: Long sword        |   118 |   148 |     8 |       |       ||   274
       Headbutt          |    14 |    22 |    95 |   201 |   207 ||   539
       Short sword       |       |       |   406 |   589 |   643 ||  1638
       Peck              |       |       |     3 |   165 |   194 ||   362
       Unarmed           |       |       |       |       |    12 ||    12
Throw: Tomahawk          |       |       |       |     3 |       ||     3
Invok: Lunge             |       |       |     9 |    62 |    46 ||   117
       Whirlwind         |       |       |     2 |    42 |    56 ||   100
Evoke: Wand              |       |       |       |       |     3 ||     3
  Use: Scroll            |     6 |     2 |     7 |     9 |    13 ||    37
       Potion            |     2 |    10 |     4 |       |    14 ||    30
 Stab: Held in net/web   |       |       |     1 |       |       ||     1
  Eat: Chunk             |     1 |     5 |    16 |    13 |    16 ||    51
       Ration            |       |       |       |     1 |       ||     1
Armor: Scale mail        |    59 |    50 |    58 |    43 |    33 ||   243
       Skin              |       |     3 |       |       |       ||     3
       Chain mail        |       |       |       |    43 |    30 ||    73
Dodge: Dodged            |    31 |    44 |    50 |    88 |    97 ||   310
Block: Shield            |    61 |    85 |   149 |   211 |   220 ||   726
       Rpst.: Long sword |     6 |    17 |       |       |       ||    23
